 Dungeon Crawl Stone Soup version 0.20-a0-1122-gb7cbeb9 (webtiles) character file.

58 CanOfBees the Skirmisher (level 3, -2/35 HPs)
             Began as a Minotaur Fighter on May 10, 2017.
             Slain by a shadow imp (4 damage)
             ... summoned by Natasha
             ... on level 2 of the Dungeon.
             The game lasted 00:01:41 (1440 turns).

CanOfBees the Skirmisher (Minotaur Fighter)         Turns: 1440, Time: 00:01:42

Health: -2/35      AC:  6    Str: 20    XL:     3   Next: 76%
Magic:  2/2        EV:  7    Int:  5    God:
Gold:   47         SH:  9    Dex: 10    Spells: 2/2 levels left

rFire    . . .     SeeInvis .   a - +0 long sword
rCold    . . .     Gourm    .   c - +0 shield
rNeg     . . .     Faith    .   b - +0 scale mail
rPois    .         Spirit   .   (helmet restricted)
rElec    .         Reflect  .   (no cloak)
rCorr    .         Harm     .   (no gloves)
MR       .....                  (no boots)
Stlth    ..........             (no amulet)
Regen    0.2/turn               (no ring)
MPRegen  0.1/turn               (no ring)

@: no status effects
A: retaliatory headbutt, horns 2
a: no special abilities


You were on level 2 of the Dungeon.
You were not hungry.

You visited 1 branch of the dungeon, and saw 2 of its levels.

You collected 47 gold pieces.

Inventory:

Hand Weapons
 a - a +0 long sword (weapon)
 h - a +0 hunting sling
Missiles
 m - 10 sling bullets
Armour
 b - a +0 scale mail (worn)
 c - a +0 shield (worn)
Scrolls
 e - a scroll of teleportation {unknown}
 j - 2 scrolls of identify {unknown}
 l - a scroll of amnesia {unknown}
Potions
 d - a potion of might
Comestibles
 f - a bread ration
 g - 6 chunks of flesh
 i - a royal jelly
 k - 2 meat rations


   Skills:
 * Level 4.9 Fighting
 * Level 3.5 Long Blades
 + Level 0.7 Slings
 - Level 3.6 Armour
 - Level 3.6 Shields


You had 2 spell levels left.
You didn't know any spells.

Dungeon Overview and Level Annotations

Branches:
Dungeon (2/15)

Altars:

Annotations:
D:2 Natasha


Innate Abilities, Weirdness & Mutations

You reflexively headbutt those who attack you in melee.
You have a pair of horns on your head.


Message History

Natasha casts a spell.
Found a leather armour.
You block Natasha's attack.
Your shield and scale mail prevent you from hitting Natasha.
Natasha claws you.
The shadow imp hits you but does no damage.
Your shield and scale mail prevent you from hitting Natasha.
Natasha claws you.
* * * LOW HITPOINT WARNING * * *
The shadow imp hits you.
* * * LOW HITPOINT WARNING * * *
You barely miss Natasha. Your headbutt misses Natasha.
Natasha claws you but does no damage. You block the shadow imp's attack.
Natasha casts a spell at you. The magic dart hits you!
* * * LOW HITPOINT WARNING * * *
The shadow imp hits you.
* * * LOW HITPOINT WARNING * * *
The shadow imp hits you.
You die...

..................#
###)####..........# #)#
#..........######
###.######.####.........
...........# #.........
........#######...>.....
........................
........#######.h5......
#......########.@.......
####..###...............
...........)............
.###...######...........
#..#.## #.#......###
#...#..# ....####$[.
#..#.##.# ...... ####
#.... ... ........
..................#


You could see Natasha and a shadow imp.

Vanquished Creatures
  Natasha (D:2)
  A dart slug (D:1)
  A leopard gecko (D:1)
  4 bats
  5 goblins
  2 hobgoblins
  5 jackals
  A ball python (D:1)
  A frilled lizard (D:1)
  6 kobolds
  4 rats (D:1)
31 creatures vanquished.

Notes
Turn   | Place    | Note
-------+----------+-------------------------------------------
     0 | D:1      | CanOfBees the Minotaur Fighter began the quest for the Orb.
     0 | D:1      | Reached XP level 1. HP: 19/19 MP: 0/0
   312 | D:1      | Reached skill level 4 in Fighting
   312 | D:1      | Reached XP level 2. HP: 27/27 MP: 1/1
  1253 | D:2      | Reached XP level 3. HP: 32/34 MP: 2/2
  1398 | D:2      | Noticed Natasha
  1409 | D:2      | Killed Natasha
  1433 | D:2      | Noticed Natasha
  1440 | D:2      | Slain by a shadow imp

Vault maps used:
D:1:      roderic_dead_forest, st_stairs_4
D:2:      first_bread, minivault_25, uniq_natasha

Skill      XL: |  1  2 |
---------------+-------+-----
Fighting       | 4 |  4.9
Long Blades    | 3 |  3.5
Slings         | |  0.7
Armour         | |  3.6
Shields        | |  3.6

Action                   || total
-------------------------++-------
Melee: Long sword        ||    68
       Headbutt          ||     8
  Eat: Chunk             ||     2
Armor: Scale mail        ||    34
Dodge: Dodged            ||    22
Block: Shield            ||    50
       Rpst.: Long sword ||     4
